 Dungeon Crawl Stone Soup version 0.20-a0-723-gf57855b (webtiles) character file.

830 fransfilip the Skirmisher (level 7, -4/58 HPs)
             Began as a Demonspawn Monk on Feb 22, 2017.
             Was a Believer of Ieoh Jian.
             Slain by Pikel
             ... wielding a +1 whip of electrocution
              (15 damage)
             ... on level 5 of the Dungeon.
             The game lasted 00:22:36 (4871 turns).

fransfilip the Skirmisher (Demonspawn Monk)         Turns: 4871, Time: 00:22:37

Health: -4/58      AC:  9    Str: 13    XL:     7   Next: 65%
Magic:  0/16       EV: 12    Int: 11    God:    Ieoh Jian [**....]
Gold:   168        SH:  4    Dex: 16    Spells: 6/6 levels left

rFire    . . .     SeeInvis .     - Unarmed
rCold    + . .     Gourm    .   r - +1 ring mail {rC+}
rNeg     . . .     Faith    +   (no shield)
rPois    .         Spirit   +   o - +0 helmet
rElec    .         Reflect  .   (no cloak)
rCorr    .         Harm     .   t - +0 pair of gloves
MR       .....                  (no boots)
Stlth    ++........             B - amulet of faith
Regen    0.2/turn               A - ring of magical power
MPRegen  0.2/turn               e - ring of stealth

@: no status effects
A: talons 1, large bone plates 1, magic shield, rot immunity
a: Renounce Religion


You were on level 5 of the Dungeon.
You worshipped Ieoh Jian.
Ieoh Jian was pleased with you.
You were not hungry.

You visited 1 branch of the dungeon, and saw 5 of its levels.

You collected 168 gold pieces.

Inventory:

Hand Weapons
 g - a cursed -3 whip
Armour
 a - a +0 robe
 c - a +0 leather armour
 l - a +0 robe
 o - a +0 helmet (worn)
 r - a +1 ring mail of cold resistance (worn)
 t - a +0 pair of gloves (worn)
 v - a +0 scale mail
Jewellery
 e - a ring of stealth (left hand)
 p - a +2 ring of protection {unknown}
 A - a ring of magical power (right hand)
 B - an amulet of faith (around neck)
Wands
 x - a wand of polymorph (18/24)
Scrolls
 m - a scroll of fog
 n - 5 scrolls of identify
 q - a scroll of immolation {unknown}
 w - 3 scrolls of teleportation {unknown}
 y - a scroll of remove curse
Potions
 d - 2 potions of curing {unknown}
 h - 3 potions of agility {unknown}
 j - a potion of flight {unknown}
 s - a potion of lignification {unknown}
 u - a potion of ambrosia {unknown}
 z - a potion of degeneration {unknown}
 C - a potion of haste {unknown}
Comestibles
 b - 3 bread rations
 f - 7 fruits
 i - 4 royal jellies


   Skills:
 * Level 6.2 Fighting
 + Level 3.3 Armour
 - Level 2.6 Dodging
 - Level 1.7 Stealth
 + Level 5.6 Unarmed Combat


You had 6 spell levels left.
You didn't know any spells.

Dungeon Overview and Level Annotations

Branches:
Dungeon (5/15)
 Temple: D:4-7

Altars:
Elyvilon
Hepliaklqana Ieoh Jian
Kikubaaqudgha
Vehumet
The Shining One

Annotations:
D:3 1 runed door
D:5 Pikel


Innate Abilities, Weirdness & Mutations

You have sharp toenails.
You are partially covered in large bone plates. (SH +4)
When hurt, damage is shared between your health and your magic reserves.
You are immune to rotting.


Message History

* * * LOW HITPOINT WARNING * * *
You barely miss Pikel.
Pikel is severely wounded.
The quokka misses you. The slave hits you but does no damage.
You block Pikel's attack.
You completely miss Pikel.
Pikel is severely wounded.
The quokka closely misses you. The slave hits you but does no damage.
Pikel hits you but does no damage.
You hit Pikel but do no damage.
Pikel is severely wounded.
The quokka barely misses you. The slave hits you but does no damage.
Pikel barely misses you. The quokka closely misses you.
You hit Pikel. Your kick misses Pikel.
Pikel is almost dead.
The slave hits you.
* * * LOW HITPOINT WARNING * * *
The quokka bites you but does no damage.
Pikel hits you but does no damage.
You are electrocuted!
You die...

#.#.#
#.#.#
#.#.#
##.#.#
##.#..#
##.###.#
#.##
##.#
#Kr# ##
#@#p#
#p#...
#p. #.#
.... ...
#####
##.


You could see Pikel, 2 slaves and a quokka.

Vanquished Creatures
  Grinder (D:4)
  Eustachio (D:4)
  2 ogres
  A vampire bat (D:2)
  A hound (D:4)
  A centaur skeleton (D:5)
  An orc wizard (D:3)
  A worker ant (D:4)
  A hound skeleton (D:4)
  4 gnolls (D:4)
  A howler monkey skeleton (D:4)
  5 adders
  A worm (D:3)
  3 dart slugs
  6 orcs
  7 bats
  3 bat skeletons (D:2)
  3 bat zombies (D:2)
  3 goblins
  3 hobgoblins
  3 jackals (D:1)
  3 kobolds
  4 quokkas
  7 frilled lizards
  A leopard gecko skeleton (D:4)
  A quokka skeleton (D:4)
  10 rats
78 creatures vanquished.

Notes
Turn   | Place    | Note
-------+----------+-------------------------------------------
     0 | D:1      | fransfilip the Demonspawn Monk began the quest for the Orb.
     0 | D:1      | Reached XP level 1. HP: 18/18 MP: 1/1
   272 | D:1      | Gained mutation: When hurt, damage is shared between your health and your magic reserves. [demonic ancestry]
   272 | D:1      | Reached XP level 2. HP: 23/24 MP: 2/2
  1331 | D:2      | Gained mutation: You have sharp toenails. [demonic ancestry]
  1331 | D:2      | Reached XP level 3. HP: 29/29 MP: 3/3
  1400 | D:2      | Found an ancient bone altar of Kikubaaqudgha.
  1439 | D:2      | Reached XP level 4. HP: 16/35 MP: 1/4
  1759 | D:2      | Found a glowing golden altar of the Shining One.
  1993 | D:3      | Noticed an angel
  2014 | D:3      | Found a white marble altar of Elyvilon.
  2015 | D:3      | Found a runed door.
  2187 | D:3      | Reached skill level 5 in Unarmed Combat
  2209 | D:3      | Found an ornate altar of the Ieoh Jian Council.
  2234 | D:3      | Became a worshipper of the Ieoh Jian Council
  2234 | D:3      | Reached * piety under Ieoh Jian
  2234 | D:3      | Reached ** piety under Ieoh Jian
  2262 | D:3      | Found a hazy altar of Hepliaklqana.
  2301 | D:3      | Gained mutation: You are immune to rotting. [demonic ancestry]
  2301 | D:3      | Reached XP level 5. HP: 29/41 MP: 2/5
  3129 | D:4      | Noticed Grinder
  3181 | D:4      | Reached skill level 4 in Fighting
  3816 | D:4      | Found a radiant altar of Vehumet.
  3877 | D:4      | Noticed an ogre
  3883 | D:4      | Noticed Eustachio
  3895 | D:4      | Killed an ogre
  3895 | D:4      | Reached XP level 6. HP: 39/49 MP: 6/6
  3949 | D:4      | Killed Eustachio
  3949 | D:4      | Reached skill level 5 in Fighting
  4288 | D:4      | Gained mutation: You are partially covered in large bone plates. (SH +4) [demonic ancestry]
  4288 | D:4      | Reached XP level 7. HP: 56/56 MP: 7/7
  4313 | D:4      | Killed Grinder
  4693 | D:5      | Entered Level 5 of the Dungeon
  4705 | D:5      | Reached skill level 6 in Fighting
  4838 | D:5      | Noticed Pikel
  4871 | D:5      | Slain by Pikel

Vault maps used:
D:1:      onia_arrival_larder
D:2:      kennysheep_vampire_church, tso_oasis_becter
D:3:      minmay_door_path, lemuel_crystal_altar, overflow_temple_1_default,
          lemuel_angel_altar
D:4:      old_standard_altar, uniq_grinder, uniq_eustachio
D:5:      first_bread, uniq_pikel

Skill      XL: |  1  2  3  4  5  6  7 |
---------------+----------------------+-----
Unarmed Combat | 3 4 5 |  5.6
Fighting       | 4 5 6 |  6.2
Armour         | 2 3 |  3.3
Dodging        | |  2.6
Stealth        | |  1.7

Action                   |  1- 3 |  4- 6 |  7- 9 || total
-------------------------+-------+-------+-------++-------
Melee: Unarmed           |   132 |   230 |    61 ||   423
       Kick              |    10 |    57 |    15 ||    82
       Punch             |       |     5 |     1 ||     6
  Use: Scroll            |     2 |     3 |       ||     5
       Potion            |       |     1 |     2 ||     3
 Stab: Sleeping          |     6 |     7 |     1 ||    14
  Eat: Chunk             |     2 |     5 |       ||     7
       Fruit             |       |     5 |     2 ||     7
Armor: Robe              |    13 |       |       ||    13
       Leather armour    |    50 |    26 |       ||    76
       Ring mail         |       |    37 |    26 ||    63
Dodge: Dodged            |   142 |   139 |    40 ||   321
Block: Other             |       |       |     9 ||     9
